 Dungeon Crawl Stone Soup version 0.30-b1-2-g02819fbbbe (webtiles) character file.

Game seed: 1641695676985089750

98114 Mesmaeker13 the Geomancer (level 15, -8/99 HPs)
             Began as a Demigod Earth Elementalist on June 22, 2023.
             Mangled by a skyshark (11 damage)
             ... on level 2 of the Shoals on June 23, 2023.
             The game lasted 01:26:56 (32879 turns).

Mesmaeker13 the Geomancer (DgEE)                   Turns: 32879, Time: 01:26:56

Health: -8/99      AC: 17    Str: 20    XL:     15   Next: 29%
Magic:  23/33      EV: 17    Int: 32    God:
Gold:   1542       SH:  5    Dex: 14    Spells: 13/33 levels left

rFire   + + .        g - +4 quarterstaff of Xuow {drain, rN+ Will+ Dex+2}
rCold   . . .        (shield currently unavailable)
rNeg    + . .        t - +0 fire dragon scales
rPois   .            X - +0 helmet {Int+3}
rElec   +            L - +0 cloak
rCorr   .            U - +0 pair of gloves
SInv    .            C - +0 pair of boots
Will    ++...        h - amulet of reflection Stlth
                     E - ring "Plog" {rElec rC+ EV+5 Str+3 Dex-2}
HPRegen 0.36/turn    o - ring of flight
MPRegen 0.23/turn

%: reflection
@: lethally poisoned (-8 -> -62), flying
A: high MP 1, forlorn, divine attributes
a: no special abilities


You were on level 2 of the Shoals.
You visited 4 branches of the dungeon, and saw 24 of its levels.

You collected 3690 gold pieces.
You spent 2148 gold pieces at shops.

Inventory:

Hand Weapons
 g - the +4 quarterstaff of Xuow (weapon) {drain, rN+ Will+ Dex+2}
   (You found it on level 10 of the Dungeon)

   Dex:       It affects your dexterity (+2).
   rN:        It protects you from negative energy.
   Will:      It increases your willpower.
 O - a +1 demon whip of venom
Missiles
 D - 3 throwing nets (quivered)
Armour
 c - a +0 kite shield
 n - +0 acid dragon scales
 t - +0 fire dragon scales (worn)
 y - +0 ice dragon scales
 C - a +0 pair of boots (worn)
 L - a +0 cloak (worn)
 U - a +0 pair of gloves (worn)
 X - a +0 helmet of intelligence (worn)
Magical Staves
 q - a staff of earth
Jewellery
 h - an amulet of reflection (around neck)
 m - a ring of wizardry
 o - a ring of flight (right hand)
 r - a ring of resist corrosion
 s - an amulet of magic regeneration
 B - an amulet of regeneration
 E - the ring "Plog" (left hand) {rElec rC+ EV+5 Str+3 Dex-2}
   (You bought it in a shop on level 2 of the Orcish Mines)

   [ring of evasion]

   EV:        It affects your evasion (+5).
   Str:       It affects your strength (+3).
   Dex:       It affects your dexterity (-2).
   rC:        It protects you from cold.
   rElec:     It insulates you from electricity.
 V - a ring of poison resistance
Wands
 w - a wand of roots (2)
 M - a wand of digging (5)
 T - a wand of flame (29)
Scrolls
 a - 2 scrolls of silence
 d - 2 scrolls of magic mapping
 l - 3 scrolls of enchant armour
 p - a scroll of amnesia
 u - 4 scrolls of poison
 z - 7 scrolls of enchant weapon
 G - 5 scrolls of teleportation
 H - 4 scrolls of fog
 K - a scroll of summoning
 S - a scroll of blinking
 Z - 4 scrolls of noise
Potions
 b - 2 potions of magic
 e - 2 potions of might
 f - 8 potions of curing
 i - 3 potions of haste
 j - 2 potions of ambrosia
 k - 2 potions of cancellation
 v - 5 potions of lignification
 x - 2 potions of brilliance
 A - a potion of heal wounds
 F - 2 potions of invisibility {unknown}
 I - 3 potions of resistance
Miscellaneous
 R - a phantom mirror
 W - a tin of tremorstones (2/2)


   Skills:
 - Level 10.1 Armour
 - Level 5.2 Dodging
 - Level 1.7 Stealth
 + Level 6.6 Shields
 + Level 9.7 Spellcasting
 + Level 12.6 Conjurations
 - Level 8.0 Summonings
 + Level 6.7 Necromancy
 - Level 0.8 Transmutations
 + Level 13.3 Earth Magic


You had 13 spell levels left.
You knew the following spells:

 Your Spells              Type           Power      Damage    Failure   Level
b - Stone Arrow           Conj/Erth      100%       3d13      1%          3
c - Animate Armour        Summ/Erth      100%       N/A       1%          4
d - Passwall              Tmut/Erth      47%        N/A       1%          2
e - Iron Shot             Conj/Erth      39%        9d8       6%          6
f - Borgnjor's Vile Clut  Necr/Erth      34%        N/A       3%          5

Your spell library contained the following spells:

 Spells                   Type           Power      Damage    Failure   Level
 Kiss of Death            Conj/Necr      100%       2d13      1%          1
 Sandblast                Erth           100%       2d20      1%          1
 Sublimation of Blood     Necr           56%        N/A       1%          2
 Hailstorm                Conj/Ice       54%        3d12      1%          3
 Petrify                  Tmut/Erth      57%        N/A       4%          4
 Dispel Undead            Necr           56%        3d20      5%          4
 Freeze                   Ice            60%        1d7       9%          1
 Ensorcelled Hibernation  Hex/Ice        30%        N/A       13%         2
 Irradiate                Conj/Tmut      28%        3d21      16%         5
 Arcjolt                  Conj/Air       27%        1d37      19%         5
 Spider Form              Tmut/Pois      18%        N/A       22%         3
 Anguish                  Hex/Necr       18%        N/A       22%         4
 Confusing Touch          Hex            15%        N/A       26%         3
 Frozen Ramparts          Ice            30%        1d5       26%         3
 Gell's Gravitas          Tloc           15%        N/A       26%         3
 Swiftness                Air            15%        N/A       26%         3
 Teleport Other           Tloc           15%        N/A       26%         3
 Tukima's Dance           Hex            15%        N/A       26%         3
 Vhi's Electric Charge    Tloc/Air       30%        N/A       26%         3
 Statue Form              Tmut/Erth      38%        N/A       58%         6
 Cause Fear               Hex            7%         N/A       65%         4
 Passage of Golubria      Tloc           15%        N/A       65%         4
 Blade Hands              Tmut           10%        N/A       86%         5
 Alistair's Intoxication  Tmut/Pois      12%        N/A       90%         5
 Yara's Violent Unravell  Hex/Tmut       9%         3d6       90%         5
 Metabolic Englaciation   Hex/Ice        7%         N/A       94%         5
 Dispersal                Tloc           7%         N/A       100%        6
 Eringya's Noxious Bog    Tmut/Pois      9%         N/A       100%        6
 Plasma Beam              Fire/Air       7%         2x1d20    100%        6
 Dragon Form              Tmut           10%        N/A       100%        7
 Chain Lightning          Conj/Air       27%        3d36      100%        9
 Dragon's Call            Summ           30%        N/A       100%        9
 Fire Storm               Conj/Fire      27%        8d7       100%        9
 Shatter                  Erth           39%        3d31*     100%        9


Dungeon Overview and Level Annotations

Branches:
Dungeon (15/15)            Temple (0/1) D:5            Lair (5/5) D:9
 Shoals (1/4) Lair:3       Spider (0/4) Lair:3        Slime (0/5) Lair:4
    Orc (2/2) D:11            Elf (0/3) Orc:2        Vaults (0/5) D:14
 Depths (0/4) D:15

Shops:
D:2 :[   D:5 [   D:7 [   D:11 (   Orc:1 ?   Orc:2 (*=:*

Portals:
Ice
Cave: Shoals:2

Annotations:
D:5 2 transporters, Edmund; NimIero's ghost, novice FoEE
D:7 3 runed translucent doors, Drakonis1988's ghost, novice MiFi
Lair:2 2 transporters


Innate Abilities, Weirdness & Mutations

You have an increased reservoir of magic. (+10% MP)
You shall have no god before yourself.
Your divine heritage dramatically boosts your attributes as you level up.


Message History

The merfolk hits you but does no damage.
You see here a +0 spear.
Casting: Iron Shot (dangerous; 6% risk of failure)
Confirm with . or Enter, or press ? or * to list all spells.
Aiming: Borgnjor's Vile Clutch (dangerous; 3% risk of failure)
Press: ? - help, Shift-Dir - straight line, f/p - skyshark
Aim: a skyshark (moderately wounded, 100% to hit)
Zombie hands grab the skyshark.
The zombie hands constrict the skyshark!
The sea snake bites you but does no damage.
The merfolk closely misses you. The skyshark bites you!
* * * LOW HITPOINT WARNING * * *
The skyshark tastes blood and grows stronger!
The skyshark tail-slaps you but does no damage.
You block the skyshark's attack. The sea snake closely misses you.
You thump the skyshark! You drain the skyshark.
The skyshark is severely wounded.
The zombie hands constrict the skyshark, but do no damage.
The merfolk barely misses you.
The skyshark bites you but does no damage.
The skyshark closely misses you. The skyshark completely misses you.
You block the sea snake's attack.
Your animated fire dragon scales hits the merfolk!!
Your animated fire dragon scales hits the merfolk!
The merfolk hits your animated fire dragon scales with a +0 trident!
You hit the skyshark but do no damage.
The skyshark is severely wounded.
The zombie hands constrict the skyshark.
Your animated fire dragon scales disappears in a puff of smoke!
The sea snake bites you!
* * * LOW HITPOINT WARNING * * *
You are lethally poisoned!
The sea snake poisons you! The skyshark closely misses you.
The skyshark tail-slaps you!
* * * LOW HITPOINT WARNING * * *
The skyshark tail-slaps you.
* * * LOW HITPOINT WARNING * * *
The merfolk closely misses you. The sea snake closely misses you.
The skyshark bites you!
You die...

~.##............
~..#.~......?.....
.~~.~≈~...<........
~≈≈≈≈≈~......#.#..
~≈≈≈≈≈≈.....#.#.#.
~≈≈≈≈≈~....#.#.#.#
≈≈≈≈~~~.....#.∩.#
~≈≈≈~≈~.Sl.#.#.#~
~~~~≈≈≈)@#..#.#.#
~~≈≈≈≈~!~#...#.#[~
~~≈≈~~)§m.........
~~≈≈≈~~~).........~.~~...
~~≈≈≈≈≈~......~~~.~~~~~~.
~~≈≈≈≈~~..~..~~~~.~~~~.~.
~~≈≈≈~.~~~≈~~~~~~~~~~~~..
.~≈≈≈~.~≈≈≈~~~....~~~~~~~
.~~≈≈~~~≈≈≈≈~~....~~~≈≈≈~


You could see a skyshark (strong, clutched, drained), a sea snake and a merfolk.

Vanquished Creatures
  Jorgrun (Orc:1)
  Gastronok (Lair:3)
  Kirke (D:15)
  An orc warlord (Orc:2)
  An ettin (D:15)
  A fire dragon (Lair:5)
  5 hydras
  4 vault guards (D:14)
  A rakshasa (D:15)
  A catoblepas (D:13)
  6 centaur warriors
  An ice dragon (Lair:5)
  4 two-headed ogres
  A merfolk aquamancer (Shoals:2)
  2 tengu warriors (D:15)
  A boulder beetle (D:12)
  Urug (Lair:3)
  2 orc high priests
  A deep elf knight (D:14)
  A skyshark (Lair:3)
  A sea snake (Shoals:2)
  A deep troll (D:15)
  Amaemon (D:8)
  A swamp dragon (Lair:5)
  2 wizards
  An orc knight (Orc:2)
  An oklob plant (Lair:4)
  3 orc sorcerers
  3 deep elf pyromancers
  5 cyclopes
  7 ugly things
  A wolf spider (D:13)
  2 manticores
  2 black mambas
  A merfolk siren (Shoals:2)
  Joseph (Lair:1)
  A gargoyle (D:13)
  6 cane toads
  3 torpor snails (Lair:5)
  2 kobold demonologists
  3 unseen horrors (D:11)
  3 komodo dragons
  A yaktaur (D:13)
  3 tengu conjurers
  4 rime drakes
  2 merfolk (Shoals:2)
  7 trolls
  2 hornets (Lair:5)
  A queen bee (shapeshifter) (D:13)
  4 saltlings (Orc:2)
  3 polar bears
  2 tyrant leeches (Lair:5)
  4 dream sheep (Lair:3)
  13 blink frogs
  A snapping turtle (Lair:3)
  11 slime creatures
  2 vampires
  2 shadows
  11 yaks
  2 water elementals
  7 wyverns
  5 basilisks
  4 steam dragons
  2 hogs (D:15)
  2 wraiths
  A human (D:14)
  2 vampire mosquitoes (D:15)
  A redback (Lair:3)
  A warg (Orc:2)
  3 acid dragons
  17 water moccasins
  2 ice beasts
  12 orc warriors
  A black bear (D:4)
  2 sky beasts
  2 phantoms
  4 boggarts (D:15)
  10 ogres
  8 centaurs
  2 wolves (D:9)
  A kobold brigand (D:7)
  15 bullfrogs
  2 scorpions (D:5)
  8 wights
  8 killer bees
  2 howler monkeys (D:8)
  9 electric eels
  3 gnoll boudas
  15 orc priests
  9 hounds
  2 jellies
  6 iguanas
  14 orc wizards
  4 hell rats (Lair:4)
  A boggart simulacrum (D:13)
  21 gnolls
  12 adders
  3 shadow imps
  A white imp (D:8)
  6 worms
  8 dart slugs
  58 orcs
  12 ball pythons
  7 endoplasms
  2 giant cockroaches (D:1)
  6 goblins
  5 hobgoblins
  3 quokkas
  7 bats
  2 frilled lizards (D:1)
  13 kobolds
  3 rats
  4 pillars of salt (Orc:2)
523 creatures vanquished.

Vanquished Creatures (collateral kills)
  An orc warlord (Orc:2)
  3 hydras
  A merfolk aquamancer (Shoals:2)
  2 centaur warriors
  An alligator snapping turtle (Shoals:2)
  2 two-headed ogres
  A skyshark (Shoals:2)
  Lodul (D:11)
  A lindwurm (Lair:5)
  4 orc knights
  3 orc sorcerers (Orc:2)
  3 cyclopes (D:14)
  8 ugly things
  A manticore (D:13)
  2 torpor snails (Lair:5)
  2 merfolk sirens (Shoals:2)
  An orange demon (D:8)
  3 rime drakes
  2 cane toads
  A troll (Orc:2)
  3 merfolk (Shoals:2)
  3 polar bears
  2 tyrant leeches (Lair:5)
  3 dream sheep (Lair:3)
  4 hornets (Lair:5)
  3 saltlings (Orc:2)
  A blink frog (Lair:3)
  7 slime creatures
  3 water elementals (Shoals:2)
  A centaur simulacrum (D:14)
  A shadow (D:12)
  2 wyverns
  A hog (D:15)
  12 yaks
  A redback (Lair:3)
  2 vampire mosquitoes (D:15)
  2 basilisks
  A warg (Orc:2)
  A water moccasin (Lair:1)
  9 orc warriors
  A swamp drake (Lair:5)
  8 ogres
  A gnoll sergeant (D:7)
  2 bullfrogs
  2 wights (D:8)
  3 orc priests
  2 orc wizards
  2 gnolls
  12 orcs
138 creatures vanquished.

Vanquished Creatures (others)
  A wizard (D:15)
  A human (D:14)
  An orc (Orc:1)
  27 fungi
  14 pillars of salt (Orc:2)
  47 plants
91 creatures vanquished.

Grand Total: 752 creatures vanquished

Notes
Turn   | Place    | Note
-------+----------+-------------------------------------------
     0 | D:1      | Mesmaeker13 the Demigod Earth Elementalist began the quest
                  | for the Orb.
     0 | D:1      | Reached XP level 1. HP: 14/14 MP: 5/5
   212 | D:1      | Reached XP level 2. HP: 20/20 MP: 1/7
   446 | D:1      | Reached skill level 3 in Earth Magic
  1042 | D:2      | Reached XP level 3. HP: 26/26 MP: 7/9
  1123 | D:2      | Found Hisiath's Antique Armour Boutique.
  1169 | D:2      | Found Kih Kaus's Book Emporium.
  1450 | D:2      | Learned a level 3 spell: Stone Arrow
  2036 | D:2      | Reached XP level 4. HP: 33/33 MP: 8/10
  2808 | D:3      | Reached XP level 5. HP: 38/38 MP: 7/12
  3095 | D:4      | Noticed an ogre
  3213 | D:4      | Reached skill level 4 in Earth Magic
  3554 | D:4      | Killed an ogre
  3566 | D:4      | Reached XP level 6. HP: 45/45 MP: 9/14
  3912 | D:4      | Found a large runed translucent door.
  3912 | D:4      | Found a large runed translucent door.
  3957 | D:4      | Reached skill level 1 in Conjurations
  4055 | D:4      | Found a large runed translucent door.
  4056 | D:4      | Found a large runed translucent door.
  4073 | D:4      | Reached XP level 7. HP: 36/50 MP: 12/16
  4390 | D:4      | Reached skill level 5 in Earth Magic
  4714 | D:4      | Learned a level 4 spell: Animate Armour
  4716 | D:5      | Entered Level 5 of the Dungeon
  4749 | D:5      | Reached skill level 5 in Dodging
  4749 | D:5      | Reached skill level 1 in Summonings
  4918 | D:5      | Reached XP level 8. HP: 57/57 MP: 12/18
  4941 | D:5      | Found Pahy's Armour Emporium.
  4947 | D:5      | Bought a +0 pair of boots for 54 gold pieces
  5010 | D:5      | Noticed Edmund
  5130 | D:2      | Bought a shiny ring mail for 133 gold pieces
  5288 | D:5      | Identified the +5 spear "Xofim" {vamp, *Rage rC+ Dex+2}
  5294 | D:5      | Found a transporter.
  5309 | D:5      | Found a transporter.
  5372 | D:5      | Found a staircase to the Ecumenical Temple.
  5508 | D:5      | Reached skill level 1 in Armour
  5565 | D:5      | Noticed NimIero's ghost (novice FoEE)
  5787 | D:6      | Reached skill level 6 in Earth Magic
  6874 | D:7      | Reached XP level 9. HP: 62/62 MP: 15/19
  6929 | D:7      | Found Fioppixa's Antique Armour Shop.
  7172 | D:7      | Found a runed translucent gate.
  7172 | D:7      | Found a runed translucent gate.
  7176 | D:7      | Noticed Drakonis1988's ghost (novice MiFi)
  7177 | D:7      | Found a runed translucent gate.
  7334 | D:8      | Noticed a two-headed ogre
  7361 | D:8      | Learned a level 2 spell: Passwall
  7622 | D:8      | Noticed Amaemon
  7641 | D:8      | Killed Amaemon
  7642 | D:8      | Reached skill level 5 in Conjurations
  7642 | D:8      | Reached skill level 7 in Earth Magic
  7650 | D:8      | Noticed an orange demon
  7734 | D:8      | Killed a two-headed ogre
  7740 | D:8      | Killed an orange demon
  7741 | D:8      | Reached skill level 5 in Summonings
  8437 | D:8      | Noticed a two-headed ogre
  8458 | D:8      | Killed a two-headed ogre
  8459 | D:8      | Reached skill level 5 in Armour
  8459 | D:8      | Reached XP level 10. HP: 69/69 MP: 16/20
  8484 | D:8      | Noticed a four-headed hydra
  8523 | D:8      | Killed a four-headed hydra
  8524 | D:8      | Reached skill level 8 in Earth Magic
  8646 | D:8      | Noticed a cyclops
  8652 | D:8      | Killed a cyclops
  8687 | D:8      | Noticed a manticore
  8696 | D:8      | Killed a manticore
  8920 | D:7      | Bought a twisted scale mail for 216 gold pieces
  8920 | D:7      | Identified the +0 scale mail "Piolob" {+Blink rN+ Slay+3}
                  | (You bought it in a shop on level 7 of the Dungeon)
  9760 | D:9      | Noticed a two-headed ogre
  9766 | D:9      | Found a staircase to the Lair.
 10001 | D:9      | Killed a two-headed ogre
 10002 | D:9      | Reached XP level 11. HP: 71/74 MP: 7/21
 10386 | D:9      | Noticed a two-headed ogre
 10392 | D:9      | Killed a two-headed ogre
 10544 | D:9      | Reached skill level 9 in Earth Magic
 10871 | D:10     | Entered Level 10 of the Dungeon
 10958 | D:10     | Identified the +4 quarterstaff of Xuow {drain, rN+ Will+
                  | Dex+2}
 11934 | D:7      | Bought a shiny helmet for 180 gold pieces
 12005 | Lair:1   | Entered Level 1 of the Lair of Beasts
 12044 | Lair:1   | Noticed Joseph
 12057 | Lair:1   | Killed Joseph
 13546 | Lair:2   | Noticed a five-headed hydra
 13554 | Lair:2   | Killed a five-headed hydra
 13643 | Lair:2   | Noticed a four-headed hydra
 13650 | Lair:2   | Killed a four-headed hydra
 13998 | Lair:2   | Found a transporter.
 13999 | Lair:2   | Noticed a boulder beetle
 14000 | Lair:2   | Found a transporter.
 14000 | Lair:2   | Noticed a boulder beetle
 14044 | Lair:2   | Reached skill level 10 in Earth Magic
 14380 | Lair:3   | Learned a level 6 spell: Iron Shot
 14408 | Lair:3   | Reached XP level 12. HP: 81/81 MP: 23/23
 14473 | Lair:3   | Noticed Gastronok
 14481 | Lair:3   | Reached skill level 5 in Spellcasting
 15311 | Lair:3   | Found a hole to the Spider Nest.
 15324 | Lair:3   | Noticed Urug
 15331 | Lair:3   | Killed Urug
 15517 | Lair:3   | Killed Gastronok
 15572 | Lair:3   | Found a staircase to the Shoals.
 15691 | Lair:4   | Identified a scroll of acquirement
 15692 | Lair:4   | Acquired 748 gold pieces
 15822 | Lair:4   | Noticed a four-headed hydra
 15828 | Lair:4   | Killed a four-headed hydra
 16207 | Lair:4   | Identified the +1 long sword of Vanity {flame, +Blink rPois
                  | Str-5}
 16247 | Lair:4   | You fall into a shaft and drop 1 floor!
 16247 | Lair:5   | Entered Level 5 of the Lair of Beasts
 16299 | Lair:5   | Reached skill level 10 in Conjurations
 16299 | Lair:5   | Reached skill level 11 in Earth Magic
 17191 | Lair:5   | Reached XP level 13. HP: 81/86 MP: 22/27
 17493 | Lair:5   | Found a runed translucent door.
 18445 | Lair:5   | Reached skill level 10 in Armour
 19171 | Lair:4   | Found a staircase to the Slime Pits.
 19672 | D:2      | Bought Great Wizards, Vol. II for 456 gold pieces
 19679 | D:2      | Learned a level 5 spell: Borgnjor's Vile Clutch
 20201 | D:11     | Found Vugya's Antique Weapon Boutique.
 20522 | D:11     | Found a staircase to the Orcish Mines.
 20530 | D:11     | Reached skill level 1 in Shields
 20605 | D:11     | Reached skill level 1 in Necromancy
 20665 | D:11     | Noticed Lodul
 20681 | D:11     | Killed Lodul
 21579 | Orc:1    | Entered Level 1 of the Orcish Mines
 21708 | Orc:2    | Entered Level 2 of the Orcish Mines
 22247 | Orc:1    | Found Yfinaife's Magic Scroll Shoppe.
 22252 | Orc:1    | Bought a scroll of blinking for 105 gold pieces
 22293 | Orc:1    | Noticed Jorgrun
 22299 | Orc:1    | Killed Jorgrun
 22300 | Orc:1    | Reached skill level 12 in Earth Magic
 22802 | Orc:2    | Found a staircase to the Elven Halls.
 23017 | Orc:2    | Found Veash's General Store.
 23636 | Orc:2    | Noticed an orc warlord
 23661 | Orc:2    | Killed an orc warlord
 23662 | Orc:2    | Reached XP level 14. HP: 93/93 MP: 13/30
 24381 | Orc:2    | Found Yjasia Susti's Antique Weapon Shoppe.
 24411 | Orc:2    | Found Hokhef's Jewellery Shoppe.
 24415 | Orc:2    | Found Siabi's Assorted Antiques.
 24415 | Orc:2    | Noticed an orc warlord
 24440 | Orc:2    | Killed an orc warlord
 24554 | Orc:2    | Bought the ring "Plog" {rElec rC+ EV+5 Str+3 Dex-2} for
                  | 1004 gold pieces
 24571 | Orc:2    | Found Puni's Book Boutique.
 27531 | D:14     | Reached skill level 5 in Necromancy
 27808 | D:14     | Reached skill level 5 in Shields
 29003 | D:14     | Found a gate to the Vaults.
 30140 | D:15     | Entered Level 15 of the Dungeon
 30261 | D:15     | Reached skill level 13 in Earth Magic
 30657 | D:15     | Reached XP level 15. HP: 99/99 MP: 16/33
 30924 | D:15     | Found a staircase to the Depths.
 32100 | D:15     | Noticed Kirke
 32105 | D:15     | Killed Kirke
 32587 | Shoals:1 | Entered Level 1 of the Shoals
 32587 | Shoals:1 | You are sucked into a shaft and drop 1 floor!
 32823 | Shoals:2 | Found a frozen archway.
 32879 | Shoals:2 | HP: 3/99 [skyshark (6)]
 32879 | Shoals:2 | Mangled by a skyshark

Illustrated notes

Levels and vault maps discovered:
D:1:      wheals_arrival_shading, layout_loops_cross,
          shapermc_ecumenical_altar_starsandcircs, nicolae_figureground_pulse
D:2:      layout_basic, serial_shops, nicolae_shop_dealshenge,
          nicolae_book_shop_shelving, minmay_misc_feat_more_columns
D:3:      layout_basic
D:4:      layout_cave_pools, lemuel_doored_altar, dreamdust_mushroom_princess,
          st_stairs_12, serial_park_tiny_pond, minmay_hollow_rounded_squares
D:5:      layout_rooms, mainiacjoe_overflow_tiny_flanked,
          minmay_temple_entry_sparse_star, serial_shops, shop,
          gammafunk_ghost_gnarly_gnolls, st_stairs_13, uniq_edmund
D:6:      layout_gridville, serial_bayou_ford_a, chequers_big_river
D:7:      layout_cave_pools, lemuel_coloured_pillars_altar,
          biasface_ghost_orc_armoury, serial_shops, shop,
          dreamdust_princess_bridge, feat_on_display
D:8:      minmay_chambers_of_sevens, layout_basic, uniq_amaemon
D:9:      layout_basic, erik_lair_island, serial_glass, glass_columns_b,
          glass_columns_b, chequers_serial_rivers_marsh
D:10:     layout_layer_cave, uniq_fannar
D:11:     layout_roguey, erik_orc_2, serial_shops,
          nicolae_shop_getting_attention, uniq_lodul
D:12:     layout_loops_ring
D:13:     minmay_inside_and_out, layout_basic, serial_bayou_pond_e,
          nicolae_vehumet_radiance
D:14:     layout_gridville, grunt_vaults_entry_fortified, chequers_arboretum,
          minmay_checkerbox
D:15:     hangedman_depths_entry_civil_slaughter, layout_stronghold,
          chequers_mini_garden, uniq_kirke
Lair:1:   layout_cave_pods, uniq_joseph
Lair:2:   gammafunk_boulding_lane, layout_regular_city
Lair:3:   layout_misc_corridors, minmay_shoals_entry_hut,
          spider_nest_entry_webs, beast_lair_carwin_3, uniq_urug, uniq_gastronok
Lair:4:   layout_gridlike, minmay_slime_entry_oklob_enclosed,
          gauntlet_entry_generic, cheibrodos_lair_lostbears
Lair:5:   guppyfry_lair_end_dragon, layout_small_grid, wormcave, basic_altar
Shoals:1: layout_shoals, st_sunken_temple
Shoals:2: layout_shoals, portal_ice_cave_entry_pillars_four, serial_shops,
          nicolae_shop_rolling_square, nicolae_shoals_beach_cooler, uniq_frances
Orc:1:    layout_diamond_mine, basic_altar, serial_shops, shop, uniq_jorgrun
Orc:2:    hellmonk_orc_salted, layout_caves, serial_shops, shop,
          hellmonk_bongcloud_opening

Skill      XL: |  1  2  3  4  5  6  7  8  9 10 11 12 13 14 |
---------------+-------------------------------------------+-----
Dodging        | 2 3 4 5 |  5.2
Spellcasting   | 2 3 4 6 8 9 |  9.7
Earth Magic    | 3 4 5 6 7 8 10 11 12 13 | 13.3
Conjurations   | 1 2 4 6 7 8 10 11 12 | 12.6
Summonings     | 1 3 5 6 8 |  8.0
Armour         | 2 5 6 8 9 10 | 10.1
Shields        | 3 6 |  6.6
Necromancy     | 3 6 |  6.7
Stealth        | |  1.7
Transmutations | |  0.8

Action                     |  1- 3 |  4- 6 |  7- 9 | 10-12 | 13-15 || total
---------------------------+-------+-------+-------+-------+-------++-------
  Melee: Short sword       |     1 |       |       |       |       ||     1
         Whip              |       |    13 |     3 |       |       ||    16
         Quarterstaff      |       |       |       |     8 |    87 ||    95
         Staff             |       |       |       |       |   211 ||   211
         Punch             |       |       |       |       |     2 ||     2
  Throw: Javelin           |       |     2 |     3 |       |       ||     5
         Throwing net      |       |       |     1 |       |       ||     1
   Cast: Sandblast         |    69 |    87 |   107 |   180 |    99 ||   542
         Stone Arrow       |       |    11 |    78 |   126 |    99 ||   314
         Animate Armour    |       |       |     9 |    74 |    96 ||   179
         Passwall          |       |       |     1 |       |     1 ||     2
         Iron Shot         |       |       |       |    12 |   123 ||   135
         Borgnjor's Vile C |       |       |       |       |    62 ||    62
  Evoke: Wand              |       |       |     2 |    23 |    12 ||    37
         Tin of tremorston |       |       |       |     2 |       ||     2
         Phantom mirror    |       |       |       |     1 |       ||     1
         Box of beasts     |       |       |       |       |     1 ||     1
    Use: Scroll            |       |     5 |     4 |    17 |    12 ||    38
         Potion            |       |       |       |     7 |     6 ||    13
   Stab: Invisible         |       |       |       |     1 |       ||     1
 Armour: Robe              |       |     2 |       |       |       ||     2
         Ring mail         |       |       |    35 |    34 |       ||    69
         Scale mail        |       |       |       |    62 |     7 ||    69
         Fire dragon scale |       |       |       |       |   332 ||   332
         Chain mail        |       |       |       |       |     7 ||     7
         Skin              |       |       |       |       |    17 ||    17
  Dodge: Dodged            |     5 |    33 |    79 |   137 |   295 ||   549
  Block: Other             |       |       |       |       |    85 ||    85
         Reflection        |       |       |       |       |    10 ||    10
